 Dungeon Crawl Stone Soup version 0.28.0-45-g0d030f2227 (webtiles) character file.

Game seed: 5396468246387174236

245 DearestLeader the Shield-Bearer (level 6, -1/53 HPs)
             Began as a Gnoll Fighter on Apr 1, 2022.
             Slain by Grinder (2 damage)
             ... while paralysed by Grinder
             ... on level 3 of the Dungeon.
             The game lasted 00:04:22 (2779 turns).

DearestLeader the Shield-Bearer (Gnoll Fighter)     Turns: 2779, Time: 00:04:23

Health: -1/53      AC:  7    Str: 17    XL:     6   Next: 10%
Magic:  17/17      EV:  2    Int:  8    God:
Gold:   149        SH:  0    Dex: 17    Spells: 6/8 levels left

rFire   . . .      SeeInvis .   a - +0 war axe
rCold   . . .      Faith    .   c - +0 buckler
rNeg    . . .      Spirit   .   b - +0 scale mail
rPois   .          Reflect  .   (no helmet)
rElec   .          Harm     .   (no cloak)
rCorr   .          Rampage  .   (no gloves)
Will    .....                   (no boots)
Stlth   +.........              (no amulet)
HPRegen 0.17/turn               h - +6 ring of dexterity
MPRegen 0.15/turn               m - ring of magical power

@: paralysed, mighty
A: fangs 1, strong nose, distributed training
a: no special abilities


You were on level 3 of the Dungeon.
You visited 1 branch of the dungeon, and saw 3 of its levels.
You also visited: Sewer.

You collected 149 gold pieces.

Inventory:

Hand Weapons
 a - a +0 war axe (weapon)
 i - a +0 hunting sling
Missiles
 f - a throwing net (quivered)
Armour
 b - a +0 scale mail (worn)
 c - a +0 buckler (worn)
Jewellery
 h - a +6 ring of dexterity (left hand)
 m - a ring of magical power (right hand)
Scrolls
 g - 3 scrolls of identify
 n - a scroll of blinking
Potions
 e - a potion of flight
 j - 2 potions of curing {unknown}
 k - a potion of heal wounds {unknown}
 l - a potion of mutation {unknown}


   Skills:
 + Level 6.8 Fighting
 + Level 1.8 Short Blades
 + Level 1.8 Long Blades
 + Level 4.9 Axes
 + Level 1.8 Maces & Flails
 + Level 1.8 Polearms
 + Level 1.8 Staves
 + Level 1.8 Slings
 + Level 1.8 Bows
 + Level 1.8 Crossbows
 + Level 1.8 Throwing
 + Level 6.8 Armour
 + Level 1.8 Dodging
 + Level 1.8 Stealth
 + Level 6.8 Shields
 + Level 1.8 Unarmed Combat
 + Level 1.8 Spellcasting
 + Level 1.4 Conjurations
 + Level 1.4 Hexes
 + Level 1.4 Summonings
 + Level 1.4 Necromancy
 + Level 1.4 Translocations
 + Level 1.4 Transmutations
 + Level 1.4 Fire Magic
 + Level 1.4 Ice Magic
 + Level 1.4 Air Magic
 + Level 1.4 Earth Magic
 + Level 1.4 Poison Magic
 + Level 2.0 Invocations
 + Level 1.8 Evocations


You had 6 spell levels left.
You knew the following spells:

 Your Spells              Type           Power      Damage    Failure   Level
a - Animate Skeleton      Necr           4%         N/A       61%         1
b - Pain                  Necr           8%         1d4       61%         1

Your spell library contained the following spells:

 Spells                   Type           Power      Damage    Failure   Level
 Vampiric Draining        Necr           2%         2d6       93%         3
 Freezing Cloud           Conj/Ice/Air   1%         6-21      100%        5
 Simulacrum               Ice/Necr       1%         N/A       100%        6
 Polar Vortex             Ice            1%         N/A       100%        9


Dungeon Overview and Level Annotations

Branches:
Dungeon (3/15)              Sewer (visited)

Altars:

Annotations:
D:3 Grinder


Innate Abilities, Weirdness & Mutations

You have very sharp teeth.
Your uncanny sense of smell can sniff out nearby items.
Your experience applies equally to all skills.


Message History

Pain shoots through your body!
Casting: Pain (safe; 61% risk of failure)
Confirm with . or Enter, or press ? or * to list all spells.
You don't know that spell.
Sorry, you're not good enough to have a special ability.
You feel very mighty all of a sudden. Grinder hits you.
You writhe in agony.
You slash Grinder!
Grinder is moderately wounded.
Grinder hits you!
You writhe in agony.
You barely miss Grinder.
Grinder is moderately wounded.
Grinder gestures at you. Pain shoots through your body!
You slash Grinder! You bite Grinder.
Grinder is heavily wounded.
Grinder blinks!
Grinder says, "There's only one good use for a tongue: cutting it out."
You slash Grinder! You bite Grinder!
Grinder is almost dead.
Grinder hits you. Grinder gestures at you.
You suddenly lose the ability to move!
Grinder hits you.
* * * LOW HITPOINT WARNING * * *
You writhe in agony.
* * * LOW HITPOINT WARNING * * *
Grinder hits you.
* * * LOW HITPOINT WARNING * * *
You writhe in agony.
* * * LOW HITPOINT WARNING * * *
Grinder hits you.
* * * LOW HITPOINT WARNING * * *
You writhe in agony.
* * * LOW HITPOINT WARNING * * *
Grinder hits you but does no damage. Grinder hits you.
* * * LOW HITPOINT WARNING * * *
You writhe in agony.
You die...

#.# #.# #.# #.# #.# #.#
# #.#
##.##.######.###########
......5@................
...$..##################
...## #


You could see Grinder.

Vanquished Creatures
  2 bullfrogs (Sewer)
  4 adders (Sewer)
  2 dart slugs
  7 endoplasms
  12 giant cockroaches
  3 goblins
  5 hobgoblins
  4 kobolds
  8 quokkas
  11 ball pythons
  2 bats (D:2)
  11 frilled lizards
  5 rats
76 creatures vanquished.

Notes
Turn   | Place    | Note
-------+----------+-------------------------------------------
     0 | D:1      | DearestLeader the Gnoll Fighter began the quest for the
                  | Orb.
     0 | D:1      | Reached XP level 1. HP: 23/23 MP: 1/1
   264 | D:1      | Reached XP level 2. HP: 28/29 MP: 2/2
   273 | D:1      | Found a faded altar of an unknown god.
  1105 | D:2      | Reached XP level 3. HP: 34/35 MP: 3/3
  1264 | D:2      | Learned a level 1 spell: Animate Skeleton
  1266 | D:2      | Learned a level 1 spell: Pain
  1380 | D:2      | Reached skill level 1 in Invocations
  1919 | D:3      | Found a glowing drain.
  1924 | Sewer    | Entered a sewer
  1995 | Sewer    | Reached skill level 1 in Short Blades
  1995 | Sewer    | Reached skill level 1 in Long Blades
  1995 | Sewer    | Reached skill level 1 in Maces & Flails
  1995 | Sewer    | Reached skill level 1 in Polearms
  1995 | Sewer    | Reached skill level 1 in Staves
  1995 | Sewer    | Reached skill level 1 in Slings
  1995 | Sewer    | Reached skill level 1 in Bows
  1995 | Sewer    | Reached skill level 1 in Crossbows
  1995 | Sewer    | Reached skill level 1 in Throwing
  1995 | Sewer    | Reached skill level 1 in Dodging
  1995 | Sewer    | Reached skill level 1 in Stealth
  1995 | Sewer    | Reached skill level 1 in Unarmed Combat
  1995 | Sewer    | Reached skill level 1 in Spellcasting
  1995 | Sewer    | Reached skill level 1 in Evocations
  2015 | Sewer    | Reached XP level 4. HP: 41/41 MP: 5/5
  2110 | Sewer    | Reached skill level 1 in Conjurations
  2110 | Sewer    | Reached skill level 1 in Hexes
  2110 | Sewer    | Reached skill level 1 in Summonings
  2110 | Sewer    | Reached skill level 1 in Necromancy
  2110 | Sewer    | Reached skill level 1 in Translocations
  2110 | Sewer    | Reached skill level 1 in Transmutations
  2110 | Sewer    | Reached skill level 1 in Fire Magic
  2110 | Sewer    | Reached skill level 1 in Ice Magic
  2110 | Sewer    | Reached skill level 1 in Air Magic
  2110 | Sewer    | Reached skill level 1 in Earth Magic
  2110 | Sewer    | Reached skill level 1 in Poison Magic
  2537 | Sewer    | Noticed a bullfrog
  2537 | Sewer    | Noticed a bullfrog
  2544 | Sewer    | Killed a bullfrog
  2545 | Sewer    | Reached XP level 5. HP: 29/47 MP: 5/7
  2565 | Sewer    | Reached XP level 6. HP: 26/53 MP: 8/8
  2759 | D:3      | Noticed Grinder
  2774 | D:3      | Paralysed by Grinder for 7 turns
  2779 | D:3      | HP: 1/53 [Grinder (3)]
  2779 | D:3      | Slain by Grinder

Illustrated notes

Levels and vault maps discovered:
D:1:      wheals_arrival_shading, layout_loops_ring,
          hellmonk_ecumenical_altar_zigzags, serial_bayou_crossing
D:2:      layout_basic
D:3:      layout_loops_ring, portal_sewer_entry_e, uniq_crazy_yiuf_cottage,
          uniq_grinder

Skill      XL: |  1  2  3  4  5 |
---------------+----------------+-----
Invocations    | 1 2 |  2.0
Short Blades   | 1 |  1.8
Long Blades    | 1 |  1.8
Maces & Flails | 1 |  1.8
Polearms       | 1 |  1.8
Staves         | 1 |  1.8
Slings         | 1 |  1.8
Bows           | 1 |  1.8
Crossbows      | 1 |  1.8
Throwing       | 1 |  1.8
Dodging        | 1 |  1.8
Stealth        | 1 |  1.8
Unarmed Combat | 1 |  1.8
Spellcasting   | 1 |  1.8
Evocations     | 1 |  1.8
Conjurations   | 1 |  1.4
Hexes          | 1 |  1.4
Summonings     | 1 |  1.4
Necromancy     | 1 |  1.4
Translocations | 1 |  1.4
Transmutations | 1 |  1.4
Fire Magic     | 1 |  1.4
Ice Magic      | 1 |  1.4
Air Magic      | 1 |  1.4
Earth Magic    | 1 |  1.4
Poison Magic   | 1 |  1.4
Fighting       | |  6.8
Axes           | |  4.9
Armour         | |  6.8
Shields        | |  6.8

Action                   |  1- 3 |  4- 6 || total
-------------------------+-------+-------++-------
Melee: War axe           |   122 |    99 ||   221
       Bite              |     9 |     7 ||    16
 Cast: Pain              |       |     1 ||     1
  Use: Scroll            |     1 |       ||     1
       Potion            |       |     2 ||     2
Armor: Scale mail        |    49 |    50 ||    99
Dodge: Dodged            |    50 |    56 ||   106
Block: Buckler           |    28 |    25 ||    53
